 Dungeon Crawl Stone Soup version 0.26-a0-466-g989023bd0d (webtiles) character file.

Game seed: 17587898325831221744

734 graki42 the Firebug (level 7, 0/54 HPs)
             Began as a Deep Elf Fire Elementalist on Aug 8, 2020.
             Slain by an elf zombie (4 damage)
             ... in an ossuary.
             The game lasted 00:15:51 (3702 turns).

graki42 the Firebug (Deep Elf Fire Elementalist)    Turns: 3702, Time: 00:15:52

Health: 0/54       AC: 23    Str:  6 (7)  XL:     7   Next: 45%
Magic:  2/17       EV:  2    Int: 17 (20) God:
Gold:   149        SH:  0    Dex: 13 (15) Spells: 6/17 levels left

rFire    . . .     SeeInvis .   b - +0 dagger
rCold    . . .     Faith    .   (no shield)
rNeg     + + +     Spirit   .   (armour currently unavailable)
rPois    +         Reflect  .   (helmet currently unavailable)
rElec    .         Harm     .   (cloak currently unavailable)
rCorr    .         NoTele   +   (gloves currently unavailable)
MR       .....                  (boots currently unavailable)
Stlth    ++........             (no amulet)
HPRegen  0.18/turn              (no ring)
MPRegen  0.15/turn              (no ring)

@: mighty, tree-form, very slightly contaminated
A: no striking features
a: no special abilities


You were in an ossuary.
You were a tree.
You visited 1 branch of the dungeon, and saw 4 of its levels.
You also visited: Ossuary.

You collected 149 gold pieces.

Inventory:

Hand Weapons
 b - a +0 dagger (weapon)
Armour
 a - a +0 robe (melded)
 j - a +0 pair of gloves (melded)
 l - a +1 pair of boots (melded)
Jewellery
 m - an uncursed amulet of the acrobat {unknown}
Wands
 o - a wand of digging (4)
Scrolls
 c - 3 scrolls of remove curse
 d - a scroll of teleportation
 g - 2 scrolls of identify
 k - a scroll of random uselessness
 s - a scroll of enchant armour
Potions
 e - 2 potions of might
 f - a potion of lignification
 h - a potion of stabbing {unknown}
 i - 3 potions of degeneration
 n - a potion of brilliance
 p - 2 potions of curing
 q - a potion of mutation {unknown}


   Skills:
 - Level 3.0 Dodging
 - Level 3.0 Stealth
 + Level 5.8 Spellcasting
 * Level 5.3 Conjurations
 * Level 6.4 Fire Magic


You had 6 spell levels left.
You knew the following spells:

 Your Spells              Type           Power        Failure   Level
a - Foxfire               Conj/Fire      ####         1%          1
b - Conjure Flame         Conj/Fire      ####....     3%          3
c - Inner Flame           Hex/Fire       ###.....     11%         3
d - Sticky Flame          Conj/Fire      ####....     12%         4

Your spell library contained the following spells:

 Spells                   Type           Power        Failure   Level
 Fireball                 Conj/Fire      ####......   32%         5
 Confusing Touch          Hex            #.......     36%         3
 Gell's Gravitas          Tloc           #.........   36%         3
 Petrify                  Tmut/Erth      #.......     78%         4
 Metabolic Englaciation   Hex/Ice        #.........   98%         5
 Yara's Violent Unravell  Hex/Tmut       #.........   98%         5


Dungeon Overview and Level Annotations

Branches:
Dungeon (4/15)            Ossuary (1/1)
 Temple: D:4-7

Altars:
Dithmenos
Fedhas
Hepliaklqana
Nemelex Xobeh


Message History

The mummy is heavily damaged.
The elf zombie barely misses you.
The elf zombie hits you but does no damage.
Casting: Foxfire (safe; 1% risk of failure)
Confirm with . or Enter, or press ? or * to list all spells.
You conjure some foxfire!
The elf zombie hits you but does no damage.
The mummy hits you but does no damage.
The elf zombie hits you but does no damage.
The foxfire hits the mummy.
The mummy is burned terribly!
The mummy is severely damaged.
The foxfire hits the elf zombie.
The elf zombie is heavily damaged.
The elf zombie hits you but does no damage. x2
Casting: Foxfire (safe; 1% risk of failure)
Confirm with . or Enter, or press ? or * to list all spells.
You conjure some foxfire!
The elf zombie hits you but does no damage.
The mummy hits you but does no damage. The elf zombie hits you.
You die...

#.......#
.....#
##.....##
#...##
###.###
#### #'#
###.###
##.....##
#.......#
#ZMZ....#
#v♣Z....#
##v....##
###.###
###


You could see a mummy and 3 elf zombies.

Vanquished Creatures
  A hippogriff (D:3)
  Sigmund (D:2)
  A centaur (D:3)
  3 centaur zombies (Ossuary)
  2 human zombies (Ossuary)
  A hound (D:3)
  A mummy (Ossuary)
  3 gnolls (D:3)
  2 adders
  An ooze (D:2)
  A worm (D:2)
  A leopard gecko (D:1)
  An orc (D:3)
  8 bats
  3 giant cockroaches
  4 goblins
  7 hobgoblins
  9 jackals
  2 ball pythons (D:3)
  8 frilled lizards
  11 kobolds
  9 rats
80 creatures vanquished.

Vanquished Creatures (others)
  199 foxfires
199 creatures vanquished.

Grand Total: 279 creatures vanquished

Notes
Turn   | Place    | Note
-------+----------+-------------------------------------------
     0 | D:1      | graki42 the Deep Elf Fire Elementalist began the quest for
                  | the Orb.
     0 | D:1      | Reached XP level 1. HP: 10/10 MP: 6/6
   284 | D:1      | Reached XP level 2. HP: 15/15 MP: 4/8
  1147 | D:2      | Noticed Sigmund
  1148 | D:2      | Reached skill level 4 in Fire Magic
  1148 | D:2      | Reached XP level 3. HP: 19/19 MP: 3/9
  1204 | D:1      | Learned a level 3 spell: Conjure Flame
  1208 | D:1      | Learned a level 3 spell: Inner Flame
  1379 | D:2      | Found a hazy altar of Hepliaklqana.
  1656 | D:2      | Found a blossoming altar of Fedhas.
  1821 | D:2      | Killed Sigmund
  1821 | D:2      | Reached XP level 4. HP: 5/24 MP: 1/12
  1821 | D:2      | Reached XP level 5. HP: 6/28 MP: 1/13
  2086 | D:2      | Learned a level 4 spell: Sticky Flame
  2283 | D:3      | Reached skill level 5 in Fire Magic
  2470 | D:3      | Reached XP level 6. HP: 32/32 MP: 11/15
  2853 | D:3      | Found a shadowy altar of Dithmenos.
  3094 | D:3      | Reached skill level 5 in Spellcasting
  3136 | D:3      | Noticed a hippogriff
  3145 | D:3      | Killed a hippogriff
  3145 | D:3      | Reached skill level 6 in Fire Magic
  3145 | D:3      | Reached XP level 7. HP: 36/36 MP: 8/17
  3250 | D:3      | Found a sparkling altar of Nemelex Xobeh.
  3388 | D:4      | Found a sand-covered staircase.
  3428 | Ossuary  | Entered an ossuary
  3445 | Ossuary  | Reached skill level 5 in Conjurations
  3691 | Ossuary  | HP: 1/36 [elf zombie (4)]
  3702 | Ossuary  | Slain by an elf zombie

Illustrated notes

Levels and vault maps discovered:
D:1:      lightli_arrival_statuegarden, layout_basic, minmay_tetromino_o2
D:2:      layout_basic, fedhas_altar_fruit_tree, lemuel_doored_altar,
          uniq_sigmund
D:3:      kennysheep_six_static_rooms, layout_basic,
          nicolae_dithmenos_through_a_glass_darkly, marbit_many_paths
D:4:      layout_gridville, nicolae_ossuary_entry_false_entrances
Ossuary:  ossuary_minmay_four_chambers

Skill      XL: |  1  2  3  4  5  6  7 |
---------------+----------------------+-----
Fire Magic     | 4 5 6 |  6.4
Conjurations   | 3 4 5 |  5.3
Dodging        | 3 |  3.0
Stealth        | 3 |  3.0
Spellcasting   | 4 5 |  5.8

Action                   |  1- 3 |  4- 6 |  7- 9 || total
-------------------------+-------+-------+-------++-------
Melee: Dagger            |     6 |     7 |     3 ||    16
 Cast: Foxfire           |    65 |    49 |    13 ||   127
       Conjure Flame     |     1 |     1 |     2 ||     4
       Inner Flame       |       |     1 |       ||     1
       Sticky Flame      |       |       |     2 ||     2
  Use: Scroll            |     2 |       |     6 ||     8
       Potion            |       |       |     4 ||     4
 Stab: Sleeping          |     1 |     1 |       ||     2
Armor: Robe              |     5 |     2 |     7 ||    14
       Skin              |       |       |    16 ||    16
Dodge: Dodged            |    16 |    17 |    14 ||    47

Table legend: (Time is in decaauts)
 A = Elapsed time spent in this place.
 B = Non-inter-level travel time spent in this place.
 C = Inter-level travel time spent in this place.
 D = Time resting spent in this place.
 E = Time spent auto-exploring this place.
 F = Levels seen in this place.
 G = Mean time per level.
                   A        B        C        D        E       F      G
               +--------+--------+--------+--------+--------+-----+--------+
         Total |   3701 |   3660 |     41 |    983 |   2010 |   5 |  740.2 |
       Dungeon |   3427 |   3386 |     41 |    805 |   2010 |   4 |  856.8 |
       Ossuary |    273 |    273 |      0 |    178 |      0 |   1 |  273.0 |
               +--------+--------+--------+--------+--------+-----+--------+

Top non-repeatable levels by time:
     D:1: 1175 daAuts
     D:3: 1097 daAuts
     D:2: 1093 daAuts
 Ossuary: 273 daAuts
     D:4: 61 daAuts
